 Dungeon Crawl Stone Soup version 0.27.0-65-ge2af304b15 (webtiles) character file.

Game seed: 3295921298272153507

454492 jt the Acrobat (level 22, -4/168 (192) HPs)
             Began as a Merfolk Gladiator on Aug 18, 2021.
             Was the Champion of Ru.
             Slain by a caustic shrike simulacrum (52 damage)
             ... on level 3 of the Depths.
             The game lasted 04:14:13 (78351 turns).

jt the Acrobat (Merfolk Gladiator)                 Turns: 78351, Time: 04:14:14

HP:   -4/168 (192)  AC: 13    Str: 19    XL:     22   Next: 36%
MP:   28/36         EV: 29    Int: 26    God:    Ru [******]
Gold: 1475          SH:  5    Dex: 19    Spells: 30/41 levels left

rFire    + . .     SeeInvis +   a - +11 glaive of Contention {drain, rPois Will+ SInv}
rCold    . . .     Faith    .   (shield currently unavailable)
rNeg     + . .     Spirit   .   b - +0 robe {rF+}
rPois    +         Reflect  +   C - +2 helmet
rElec    +         Harm     .   J - +1 cloak {Stlth+}
rCorr    .         Rampage  .   i - +2 pair of gloves {Dex+3}
Will     +++..                  X - +2 pair of boots {Stlth+}
Stlth    ++++......             y - amulet of Noel Xiass {Reflect rElec rPois SH+5}
HPRegen  0.38/turn              W - ring of positive energy
MPRegen  0.25/turn              l - ring "Fuheudgh" {Fly rPois Will+ Int+10 Stlth-}

@: exhausted, flying, very slightly contaminated, hasted, heavily drained, very
quick
A: inability to use devices, inability to train armour, unskilled 1,
inexperienced 1, (nimble swimmer 2), mertail, clever 1, sense surroundings 1,
strong 1
}: 2/15 runes: barnacled, gossamer
a: Renounce Religion, Draw Out Power, Power Leap, Apocalypse


You were on level 3 of the Depths.
You worshipped Ru.
Ru was exalted by your worship.
You visited 11 branches of the dungeon, and saw 44 of its levels.
You visited 2 bazaars.
You also visited: Bailey.

You collected 6144 gold pieces.
You spent 4669 gold pieces at shops.

Inventory:

Hand Weapons
 a - the +11 glaive of Contention (weapon) {drain, rPois Will+ SInv}
   (You bought it in a shop in a bazaar)

   A truly terrible weapon, it drains the life of any living foe it strikes.
   rPois:     It protects you from poison.
   SInv:      It lets you see invisible.
   Will:      It increases your willpower.
 O - a +2 glaive of flaming
 Q - the +2 spear "Harchip" {vorpal, rF+ rC+ rN+ Will-}
   (You found it on level 3 of the Elven Halls)

   It inflicts extra damage upon your enemies.
   rF:        It protects you from fire.
   rC:        It protects you from cold.
   rN:        It protects you from negative energy.
   Will:      It decreases your willpower.
 V - a +5 demon trident of flaming
Missiles
 d - 10 throwing nets
 q - 21 javelins
 z - 129 boomerangs (quivered)
 F - 7 curare-tipped darts
 G - 38 silver javelins
 I - 72 poisoned darts
Armour
 b - a +0 robe of fire resistance (worn)
 i - a +2 pair of gloves of dexterity (worn)
 w - the +7 Kryia's mail coat {PotionHeal*2 rC+}
   (You found it on level 3 of the Elven Halls)

   Potions are twice as effective at healing its wearer.
   rC:        It protects you from cold.
 C - a +2 helmet (worn)
 J - a +1 cloak of stealth (worn)
 L - a +2 robe of cold resistance
 X - a +2 pair of boots of stealth (worn)
Jewellery
 l - the ring "Fuheudgh" (right hand) {Fly rPois Will+ Int+10 Stlth-}
   (You bought it in a shop in a bazaar)

   [ring of willpower]

   Int:       It affects your intelligence (+10).
   rPois:     It protects you from poison.
   Fly:       It grants you flight.
   Will:      It increases your willpower.
   Stlth:     It makes you less stealthy.
 n - a ring of resist corrosion
 u - a ring of poison resistance
 y - the amulet of Noel Xiass (around neck) {Reflect rElec rPois SH+5}
   (You bought it in a shop on level 4 of the Dungeon)

   [amulet of reflection]

   It reflects blocked missile attacks.
   rElec:     It insulates you from electricity.
   rPois:     It protects you from poison.
   SH:        It affects your SH (+5).
 A - a ring of protection from fire
 N - the amulet "Maxuboph" {rC+ Regen+}
   (You found it on level 1 of the Lair of Beasts)

   [amulet of regeneration]

   rC:        It protects you from cold.
   Regen:     It increases your rate of health regeneration.
 S - a +4 ring of protection
 U - a +4 ring of protection
 W - a ring of positive energy (left hand)
Scrolls
 c - 2 scrolls of summoning
 e - 11 scrolls of teleportation
 f - 5 scrolls of vulnerability
 h - 9 scrolls of fear
 k - 2 scrolls of holy word
 m - 6 scrolls of immolation
 p - 5 scrolls of silence
 s - 6 scrolls of magic mapping
 t - 23 scrolls of identify
 v - 3 scrolls of enchant armour
 E - a scroll of acquirement
 M - 8 scrolls of fog
 Z - 8 scrolls of blinking
Potions
 g - 6 potions of berserk rage
 j - a potion of resistance
 o - 12 potions of heal wounds
 r - 5 potions of cancellation
 x - 6 potions of ambrosia
 B - 8 potions of haste
 D - 9 potions of brilliance
 H - 15 potions of curing
 K - 7 potions of might
 P - 4 potions of magic
 R - 3 potions of mutation


   Skills:
 + Level 20.6 Fighting
 - Level 20.0 Polearms
 + Level 14.9 Throwing
 - Level 23.3 Dodging
 - Level 5.0 Stealth
 - Level 4.0 Shields
 - Level 10.0 Spellcasting
 - Level 5.0 Conjurations
 - Level 5.0 Translocations
 + Level 18.4 Transmutations


You had 30 spell levels left.
You knew the following spells:

 Your Spells              Type           Power      Damage    Failure   Level
a - Pain                  Necr           52%        1d6       4%          1
b - Blink                 Tloc           N/A        N/A       1%          2
c - Wereblood             Tmut           83%        N/A       0%          2
d - Apportation           Tloc           78%        N/A       1%          1
e - Irradiate             Conj/Tmut      32%        3d24      1%          5

Your spell library contained the following spells:

 Spells                   Type           Power      Damage    Failure   Level
 Beastly Appendage        Tmut           100%       N/A       0%          1
 Shock                    Conj/Air       100%       1d9       1%          1
 Sting                    Tmut/Pois      100%       1d8       1%          1
 Ignite Poison            Fire/Tmut/Pois 44%        N/A       1%          3
 Lesser Beckoning         Tloc           19%        N/A       1%          3
 Spider Form              Tmut/Pois      28%        N/A       1%          3
 Petrify                  Tmut/Erth      57%        N/A       1%          4
 Blade Hands              Tmut           41%        N/A       1%          5
 Yara's Violent Unravell  Hex/Tmut       28%        3d12      3%          5
 Animate Skeleton         Necr           26%        N/A       4%          1
 Corona                   Hex            14%        N/A       4%          1
 Summon Small Mammal      Summ           52%        N/A       4%          1
 Portal Projectile        Hex/Tloc       52%        N/A       4%          3
 Passage of Golubria      Tloc           N/A        N/A       6%          4
 Corpse Rot               Necr/Air       N/A        N/A       7%          2
 Poisonous Vapours        Pois/Air       26%        N/A       7%          2
 Slow                     Hex            13%        N/A       7%          2
 Sublimation of Blood     Necr           6%         N/A       7%          2
 Mephitic Cloud           Conj/Pois/Air  21%        N/A       7%          3
 Call Canine Familiar     Summ           13%        N/A       14%         3
 Confusing Touch          Hex            13%        N/A       14%         3
 Inner Flame              Hex/Fire       13%        N/A       14%         3
 Summon Guardian Golem    Hex/Summ       13%        N/A       14%         3
 Swiftness                Air            13%        N/A       14%         3
 Vampiric Draining        Necr           6%         2d6       14%         3
 Iskenderun's Battlesphe  Conj           39%        2d9       16%         5
 Manifold Assault         Tloc           39%        N/A       16%         5
 Eringya's Noxious Bog    Tmut/Pois      28%        N/A       16%         6
 Statue Form              Tmut/Erth      38%        N/A       16%         6
 Airstrike                Air            6%         N/A       41%         4
 Animate Armour           Summ/Erth      26%        N/A       41%         4
 Dispel Undead            Necr           13%        3d9       41%         4
 Leda's Liquefaction      Hex/Erth       6%         N/A       41%         4
 Olgreb's Toxic Radiance  Pois           13%        N/A       41%         4
 Summon Lightning Spire   Summ/Air       13%        N/A       41%         4
 Fireball                 Conj/Fire      13%        3d7       41%         5
 Lightning Bolt           Conj/Air       13%        1d26      41%         5
 Summon Forest            Summ/Tloc      13%        N/A       41%         5
 Bolt of Magma            Conj/Fire/Erth 10%        4d7       54%         5
 Freezing Cloud           Conj/Ice/Air   10%        6-21      54%         5
 Storm Form               Tmut/Air       28%        N/A       65%         7
 Agony                    Necr           13%        N/A       77%         5
 Excruciating Wounds      Necr           6%         N/A       77%         5
 Metabolic Englaciation   Hex/Ice        6%         N/A       77%         5
 Silence                  Hex/Air        6%         N/A       77%         5
 Conjure Ball Lightning   Conj/Air       13%        3x3d6     94%         6
 Iron Shot                Conj/Erth      13%        9d3       94%         6
 Orb of Destruction       Conj           19%        9d9       99%         7
 Death Channel            Necr           6%         N/A       100%        6
 Invisibility             Hex            6%         N/A       100%        6
 Spellforged Servitor     Conj/Summ      13%        N/A       100%        7
 Ignition                 Fire           6%         3d4       100%        8
 Lehudib's Crystal Spear  Conj/Erth      13%        10d4      100%        8
 Maxwell's Capacitive Co  Air            6%         ∞         100%        8
 Fire Storm               Conj/Fire      13%        8d3       100%        9


Dungeon Overview and Level Annotations

Branches:
Dungeon (15/15)            Temple (1/1) D:6            Lair (6/6) D:8
 Shoals (4/4) Lair:3       Spider (4/4) Lair:4        Slime (0/5) Lair:5
    Orc (2/2) D:9             Elf (3/3) Orc:2        Vaults (4/5) D:14
  Crypt (0/3) Vaults:3     Depths (2/5) D:15           Hell (visited)
    Dis (0/7) Hell            Geh (1/7) Hell            Coc (0/7) Hell
    Tar (0/7) Hell         Bailey (visited)

Altars:
Cheibriados
Dithmenos
Elyvilon
Fedhas
Makhleb
Okawaru
Qazlal
Ru
Trog
Beogh
Jiyva

Shops:
D:4 *   Orc:1 :   Orc:2 ?**(*   Shoals:3 !   Vaults:3 [   Vaults:4 !
Depths:1 [[?**

Portals:
Hell: Lair:6 Depths:1 Depths:2
Abyss: Depths:2 Depths:3
Pandemonium: Depths:2
Ziggurat: Depths:3

Annotations:
Shoals:3 Roxanne
Elf:2 5 runed translucent doors


Innate Abilities, Weirdness & Mutations

You cannot study or use magical devices.
You cannot train Armour skill.
You are somewhat unskilled. (-1 Apt)
You are somewhat inexperienced. (-2 XL)
((You are quick and stealthy near water. (Stealth+, EV+, Speed+++)))
Your lower body shifts to a powerful aquatic tail in water.
Your mind is acute. (Int +2)
You passively map a small area around you.
Your muscles are strong. (Str +2)


Message History

The spectral sphinx closely misses you.
The spectral sphinx hits you but does no damage.
The spectral tengu reaver is engulfed in freezing vapours.
The great orb of eyes is stunned by your conviction and fails to attack.
You carve the spectral caustic shrike like a ham!!!
You destroy the spectral caustic shrike!
The spectral storm dragon is lost in a daze.
The spectral sphinx completely misses you. x3
The water elemental completely misses you.
The vampire knight is lost in a daze.
Okay, then.
Reach: a) +11 glaive of Contention {drain, rPois Will+ SInv}
Press: ? - help, Dir - move target, f - juggernaut simulacrum
Aim: a juggernaut simulacrum (heavily damaged, dazed, about 2% to evade the +11 glaive of Contention)
You reach to attack!
You completely miss the juggernaut simulacrum.
The juggernaut simulacrum is heavily damaged.
The fire giant begins to cast a spell, but is stunned by your conviction!
The spectral tengu reaver is engulfed in freezing vapours.
The great orb of eyes bites you!
The deep troll earth mage gestures at the spectral tengu reaver while chanting.
The wall shatters!
The blast of rock fragments hits you!!
The blast of rock fragments hits the spectral sphinx!!
The blast of rock fragments hits the juggernaut simulacrum but does no damage.
The blast of rock fragments hits the spectral tengu reaver!!
You hear a shout!
Unknown command.
Blink to where?
Press: ? - help, Dir - move target, p - juggernaut simulacrum
As you read the scroll of blinking, it crumbles to dust.
A spectral thing and 2 simulacra come into view.
The water engulfing you falls away.
You redirect the caustic shrike simulacrum's attack!
The caustic shrike simulacrum claws the spectral deep elf annihilator!
The caustic shrike simulacrum freezes the spectral deep elf annihilator!!
The spectral deep elf annihilator resists.
The caustic shrike simulacrum claws you.
* * * LOW HITPOINT WARNING * * *
The caustic shrike simulacrum freezes you!!!
You die...

≈≈≈##≈≈≈........,,≈≈≈≈≈≈≈≈≈≈≈*
≈≈≈≈≈≈≈.........,,,,,,*≈≈≈≈≈≈*
≈≈≈≈≈≈≈.......#########****≈≈*
≈≈≈≈≈≈≈.......#.....$$+,,+≈≈≈*
≈≈≈≈≈≈..[.....#.....$$#,,**≈≈*
≈≈≈≈≈≈..).#####.Z.....#****≈≈*
##≈≈≈≈.ZV.#...#.Z.....#,,+≈≈≈*
,#.≈≈≈≈Z)##Z..#.......#>,**≈≈*
,###≈≈ZZZE'.Z.C.@Z∩...#****≈≈*
,#...≈≈TG##Z..#..Z....#>,+≈≈≈*
,+...≈≈TT.#...#.......#,,**≈≈*
^#...≈≈≈..#**##.......#****≈≈*
*###≈≈T....,,,#.....$$#,,+≈≈≈*
,,.≈≈≈#.....,,#.....$$#>,**≈≈*
,.≈≈≈.#.....,,#########****≈≈*
,≈≈...#..§...,,,,,,,,,* *≈≈*
,≈≈,,,*,,,,,,,,,,,,,,,* *≈≈*


You could see a fire giant, a spectral golden dragon, a spectral sphinx (dazed),
a spectral deep elf annihilator, a spectral tengu reaver (dazed), a water
elemental (blind), a deep elf high priest simulacrum, a caustic shrike
simulacrum and a juggernaut simulacrum (dazed).

Vanquished Creatures
  Geryon (Hell)
  A caustic shrike (Depths:2)
  Arachne (Spider:3)
  Jorgrun (Shoals:3)
  Rupert (D:14)
  A tentacled monstrosity (Hell)
  A lich (Depths:2)
  Asterion (Depths:2)
  2 deep elf blademasters (Elf:3)
  Polyphemus (Shoals:2)
  A kraken (Shoals:1)
  Frances (D:12)
  4 sphinxes
  2 deep elf master archers (Elf:3)
  A tengu reaver (Depths:1)
  2 ancient champions
  Kirke (Shoals:1)
  3 shadow dragons
  The ghost of Turgon the Grappler, a journeyman TrHu of Okawaru (Depths:1)
  Ilsuiw (Shoals:2)
  2 frost giants
  3 orc warlords
  8 deep elf sorcerers (Elf:3)
  11 vault wardens
  4 fire giants
  An iron dragon (Depths:3)
  2 spectral juggernauts (Depths:1)
  2 balrugs
  8 emperor scorpions
  Aizul (Shoals:4)
  3 ghost moths (Spider:4)
  11 ironbound preservers
  4 deep elf elementalists (Elf:3)
  A spectral caustic shrike (Depths:3)
  3 reapers
  5 deep elf demonologists (Elf:3)
  10 stone giants
  A lorocyproca (Hell)
  5 war gargoyles
  4 vampire knights
  18 very ugly things
  10 deep elf annihilators
  3 minotaurs (Shoals:4)
  2 spectral titans (Depths:1)
  3 dire elephants
  3 spark wasps (Depths:1)
  8 deep elf death magi
  3 merfolk javelineers
  3 ettins (Depths:2)
  A crystal guardian (Vaults:1)
  10 yaktaur captains
  A fire dragon (Depths:2)
  An eidolon (Depths:3)
  A spectral golden dragon (Depths:3)
  2 deep elf high priests (Elf:3)
  A merfolk impaler (Shoals:3)
  3 great orbs of eyes (Depths:2)
  The ghost of Zusoliwk the Archer, a journeyman CeHu of Okawaru (Lair:1)
  3 ice dragons
  Fannar (D:11)
  8 ironbound thunderhulks
  9 vault guards
  8 ironbound frosthearts
  Harold (D:11)
  11 hydras
  2 peacekeepers (Vaults:1)
  4 rakshasas
  7 boulder beetles
  6 ogre magi
  A catoblepas (Shoals:2)
  2 juggernaut simulacra (Depths:1)
  An alligator (shapeshifter) (Depths:2)
  2 death knights (Vaults:3)
  3 merfolk aquamancers
  2 spectral stone giants
  An anaconda (shapeshifter) (Elf:1)
  10 centaur warriors
  A titan zombie (Depths:1)
  3 alligators
  A merfolk avatar (Shoals:4)
  22 two-headed ogres
  3 deep troll shamans
  10 dancing weapons
  10 satyrs
  2 death yaks (Shoals:2)
  4 tengu warriors
  2 alligator snapping turtles
  7 deep troll earth magi
  4 ironbound beastmasters
  A death yak (shapeshifter) (Depths:2)
  2 orc high priests
  3 vampire magi
  A spriggan berserker (Depths:2)
  Urug (D:11)
  A spectral elf (Depths:3)
  7 hell hogs
  A storm dragon zombie (Hell)
  5 hell knights (Geh:1)
  6 sun demons
  7 soul eaters
  18 deep elf knights
  2 iron trolls (Depths:2)
  A death drake (Depths:3)
  5 skeletal warriors
  A goliath frog (Shoals:3)
  A shadow wraith (Vaults:3)
  3 glowing orange brains
  3 anaconda zombies
  46 deep trolls
  10 sea snakes
  A spectral iron dragon (Depths:3)
  A swamp dragon (Lair:4)
  13 deep elf archers
  7 wizards
  14 ironbound convokers
  A kraken simulacrum (Hell)
  12 lindwurms
  Pikel (D:5)
  A flayed ghost (Geh:1)
  2 phantasmal warriors (Lair:6)
  13 orc knights
  27 deep elf zephyrmancers
  25 harpies
  6 necromancers
  A mana viper (shapeshifter) (Elf:3)
  2 anaconda skeletons (Hell)
  19 orb spiders
  28 deep elf pyromancers
  A fire giant zombie (Geh:1)
  22 ugly things
  21 wolf spiders
  3 oklob plants
  2 orc sorcerers
  22 fauns
  8 cyclopes
  A human zombie (Vaults:1)
  41 slime creatures
  25 manticores
  A sphinx skeleton (Vaults:2)
  4 moths of wrath
  3 titan simulacra (Depths:1)
  2 rust devils (Hell)
  10 water nymphs
  A stone giant skeleton (Vaults:1)
  5 black mambas
  A fire giant skeleton (Hell)
  An ice statue (Hell)
  18 elephants
  6 smoke demons
  11 vault sentinels
  13 merfolk sirens
  2 torpor snails
  10 cane toads
  3 orange demons (Lair:6)
  A storm dragon simulacrum (Depths:3)
  5 molten gargoyles
  A torpor snail (shapeshifter) (D:14)
  A hellion (Geh:1)
  A kobold demonologist (D:9)
  3 rime drakes
  2 tengu conjurers
  7 komodo dragons
  27 yaktaurs
  A sea snake zombie (Hell)
  A hellwing (Lair:6)
  A freezing wraith (D:15)
  7 ice devils
  13 demonic crawlers
  28 jumping spiders
  10 trolls
  3 meliai (Spider:3)
  5 red devils
  24 merfolk
  A hydra zombie (Geh:1)
  3 polar bears
  A sphinx simulacrum (Vaults:2)
  A hydra skeleton (Geh:1)
  A tengu simulacrum (Depths:3)
  4 stone giant simulacra (Depths:1)
  4 wind drakes
  4 hornets
  13 blink frogs
  10 dream sheep
  Prince Ribbit (Lair:1)
  An ettin zombie (Geh:1)
  2 human simulacra (Vaults:1)
  5 snapping turtles
  69 redbacks
  An air elemental (Elf:1)
  16 tarantellas
  A wraith (D:10)
  Sigmund (D:6)
  4 spriggans (Lair:1)
  2 wyverns
  2 vampires
  22 water elementals
  48 yaks
  7 basilisks
  7 hogs (Shoals:1)
  A steam dragon (D:6)
  9 vampire mosquitoes
  2 swamp worms (Lair:2)
  3 acid dragons
  2 wargs (Orc:1)
  26 water moccasins
  Duvessa (D:7)
  8 hell hounds
  20 orc warriors
  2 black bears
  An elf simulacrum (Depths:3)
  A sky beast (D:8)
  32 ogres
  A black mamba simulacrum (Hell)
  19 wolves
  11 centaurs
  4 boggarts (Vaults:3)
  A human skeleton (Vaults:2)
  2 phantoms
  Blork the orc (D:6)
  A kobold brigand (D:9)
  13 bullfrogs
  A gnoll sergeant (D:10)
  3 earth elementals
  5 scorpions
  Dowan (D:7)
  28 wights
  10 killer bees
  5 howler monkeys
  5 electric eels
  4 jellies
  5 centaur zombies
  3 hounds
  2 gnoll shamans
  12 orc priests
  3 iguanas
  21 orc wizards
  23 gnolls
  9 adders
  2 shadow imps (D:7)
  2 white imps
  An ufetubus (D:5)
  A worm (D:3)
  2 dart slugs
  104 orcs
  8 ball pythons
  16 endoplasms
  9 giant cockroaches
  13 goblins
  7 hobgoblins
  7 jackals
  5 quokkas
  5 bats
  10 frilled lizards
  29 kobolds
  4 rats
  A butterfly (D:6)
  A tentacle (Hell)
1778 creatures vanquished.

Vanquished Creatures (collateral kills)
  3 harpies (Shoals:1)
  A manticore (Shoals:1)
  A merfolk (Shoals:1)
5 creatures vanquished.

Vanquished Creatures (others)
  A fire giant (Depths:2)
  2 very ugly things
  An ettin (Depths:2)
  A dancing weapon (Elf:2)
  A sea snake (Shoals:3)
  A deep troll (Depths:1)
  A deep elf archer (Elf:3)
  2 deep elf zephyrmancers
  3 harpies
  5 wolf spiders
  A faun (Shoals:2)
  3 manticores (Shoals:4)
  A gargoyle (D:10)
  A water nymph (Shoals:3)
  A troll (Elf:3)
  2 snapping turtles
  A redback (Spider:3)
  A tarantella (Spider:4)
  2 yaks
  An ogre (Orc:1)
  2 wights
  A jelly (D:11)
  2 orc wizards (D:9)
  An orc (D:9)
  41 fungi
  146 plants
  3 tentacles (Hell)
228 creatures vanquished.

Grand Total: 2011 creatures vanquished

Notes
Turn   | Place    | Note
-------+----------+-------------------------------------------
     0 | D:1      | jt the Merfolk Gladiator began the quest for the Orb.
     0 | D:1      | Reached XP level 1. HP: 16/16 MP: 1/1
    45 | D:1      | Reached skill level 5 in Polearms
    45 | D:1      | Reached XP level 2. HP: 18/22 MP: 2/2
   416 | D:1      | You fall into a shaft and drop 1 floor!
   427 | D:2      | Reached XP level 3. HP: 27/27 MP: 3/3
   428 | D:2      | Found a faded altar of an unknown god.
   451 | D:2      | Became a worshipper of Ru the Awakened
   473 | D:2      | Gained mutation: You cannot study or use magical devices.
                  | [Ru sacrifice]
   473 | D:2      | Reached * piety under Ru
   473 | D:2      | Reached ** piety under Ru
  1284 | D:2      | Reached XP level 4. HP: 33/33 MP: 4/4
  2161 | D:3      | Reached XP level 5. HP: 34/38 MP: 5/5
  2482 | D:3      | Found a transporter.
  2815 | D:3      | Found a transporter.
  3612 | D:4      | Learned a level 1 spell: Pain
  3680 | D:4      | Noticed an ogre
  3762 | D:4      | Gained mutation: You cannot train Armour skill. [Ru
                  | sacrifice]
  3762 | D:4      | Reached *** piety under Ru
  3849 | D:4      | Found Apeyt's Assorted Antiques.
  3856 | D:4      | Bought a twitching tin amulet for 115 gold pieces
  3856 | D:4      | Identified the amulet of Noel Xiass {Reflect rElec rPois
                  | SH+5} (You bought it in a shop on level 4 of the Dungeon)
  3923 | D:4      | Noticed an orc warrior
  4663 | D:4      | Found a burning altar of Makhleb.
  4773 | D:4      | Reached XP level 6. HP: 19/46 MP: 6/6
  5067 | D:4      | Killed an orc warrior
  5068 | D:4      | Reached skill level 5 in Dodging
  5777 | D:4      | Reached XP level 7. HP: 31/52 MP: 7/7
  6047 | D:5      | Entered Level 5 of the Dungeon
  6253 | D:5      | Reached skill level 10 in Polearms
  6954 | D:6      | Noticed a steam dragon
  6975 | D:5      | Reached skill level 6 in Dodging
  7013 | D:6      | Noticed Blork the orc
  7026 | D:6      | Killed Blork the orc
  7030 | D:6      | Identified the +3 scimitar of Action {freeze, rN+ rCorr
                  | Str-3 Dex+3}
  7116 | D:6      | Noticed Pikel
  7151 | D:5      | Reached XP level 8. HP: 47/61 MP: 8/8
  7248 | D:6      | Noticed Sigmund
  7320 | D:5      | Killed Pikel
  7321 | D:5      | Reached skill level 5 in Fighting
  7321 | D:5      | Reached skill level 7 in Dodging
  7412 | D:6      | Found a staircase to the Ecumenical Temple.
  7429 | Temple   | Entered the Ecumenical Temple
  7582 | D:6      | Found a blossoming altar of Fedhas.
  7700 | D:6      | Gained mutation: You passively map a small area around you.
                  | [potion of mutation]
  7700 | D:6      | Gained mutation: Your mind is acute. (Int +2) [potion of
                  | mutation]
  7700 | D:6      | Gained mutation: Your muscles are strong. (Str +2) [potion
                  | of mutation]
  7867 | D:6      | Killed Sigmund
  7868 | D:6      | Reached XP level 9. HP: 49/69 MP: 9/9
  8665 | D:7      | Found a flagged portal.
  8684 | D:7      | Noticed Duvessa
  8687 | D:6      | Gained mutation: You are somewhat unskilled. (-1 Apt) [Ru
                  | sacrifice]
  8687 | D:6      | Reduced skill Fighting to level 5
  8687 | D:6      | Reached **** piety under Ru
  8687 | D:6      | Reached ***** piety under Ru
  9033 | Bailey   | Entered a bailey
  9405 | Bailey   | Noticed an orc knight
  9475 | Bailey   | Killed an orc knight
  9476 | Bailey   | Reached skill level 1 in Spellcasting
  9517 | Bailey   | Noticed an orc knight
  9569 | Bailey   | Killed an orc knight
  9570 | Bailey   | Reached skill level 8 in Dodging
  9570 | Bailey   | Reached XP level 10. HP: 56/77 MP: 3/13
  9700 | Bailey   | Identified the +5 rapier of Faah {pain, *Noise rPois Int+6}
  9759 | D:7      | Killed Duvessa
 10035 | D:7      | Noticed Dowan
 10043 | D:7      | Killed Dowan
 10057 | D:7      | Reached skill level 5 in Throwing
 11948 | D:7      | Found a white marble altar of Elyvilon.
 11948 | D:7      | Found a shadowy altar of Dithmenos.
 12206 | D:8      | Reached skill level 9 in Dodging
 12235 | D:8      | Gained mutation: You are somewhat inexperienced. (-2 XL)
                  | [Ru sacrifice]
 12235 | D:8      | Reached XP level 9. HP: 47/68 MP: 12/12
 12235 | D:8      | Reached XP level 8. HP: 47/63 MP: 11/11
 12235 | D:8      | Reached ****** piety under Ru
 12348 | D:8      | Found a staircase to the Lair.
 12354 | Lair:1   | Entered Level 1 of the Lair of Beasts
 12427 | Lair:1   | Reached XP level 9. HP: 50/72 MP: 12/12
 12585 | Lair:1   | Noticed Prince Ribbit
 12593 | Lair:1   | Killed Prince Ribbit
 12956 | Lair:1   | Reached skill level 10 in Dodging
 13127 | Lair:1   | Found a transporter.
 13137 | Lair:1   | Noticed a spriggan rider
 13144 | Lair:1   | Identified the amulet "Maxuboph" {rC+ Regen+}
 13144 | Lair:1   | Noticed Zusoliwk's ghost (journeyman CeHu)
 13147 | Lair:1   | Noticed a moth of wrath
 13150 | Lair:1   | Found a transporter.
 13171 | Lair:1   | Noticed an oklob plant
 13171 | Lair:1   | Noticed an oklob plant
 13213 | Lair:1   | Found a bloodstained altar of Trog.
 13215 | Lair:1   | Noticed a moth of wrath
 13349 | Lair:1   | Noticed a five-headed hydra
 13382 | Lair:1   | Killed a five-headed hydra
 13653 | Lair:1   | Identified the +2 robe of the Game of Kings {rElec}
 14301 | Lair:2   | Reached skill level 15 in Polearms
 14437 | Lair:2   | Reached XP level 10. HP: 41/83 MP: 4/13
 14931 | Lair:2   | Reached skill level 11 in Dodging
 15537 | Lair:3   | Noticed an eight-headed hydra
 15550 | Lair:3   | Killed an eight-headed hydra
 16422 | Lair:3   | Noticed a boulder beetle
 16434 | Lair:3   | Killed a boulder beetle
 16688 | Lair:3   | Found a staircase to the Shoals.
 16716 | Lair:3   | Reached skill level 10 in Fighting
 16758 | Lair:3   | Noticed a five-headed hydra
 16759 | Lair:3   | Noticed a five-headed hydra
 16768 | Lair:3   | Killed a five-headed hydra
 16769 | Lair:3   | Reached skill level 12 in Dodging
 16772 | Lair:3   | Killed a five-headed hydra
 17337 | Lair:3   | Reached XP level 11. HP: 72/92 MP: 14/14
 18365 | Lair:4   | Found a hole to the Spider Nest.
 19796 | Lair:5   | Reached skill level 13 in Dodging
 20097 | Lair:5   | Found a viscous altar of Jiyva.
 20098 | Lair:5   | Found a staircase to the Slime Pits.
 20604 | Lair:6   | Entered Level 6 of the Lair of Beasts
 20836 | Lair:6   | Reached skill level 10 in Throwing
 21953 | Lair:6   | Got the Tome of Supportive Orientation
 22093 | Lair:6   | Reached skill level 14 in Dodging
 22496 | Lair:6   | Reached XP level 12. HP: 66/81 MP: 15/15
 22911 | Lair:6   | Noticed a dire elephant
 23001 | Lair:6   | Killed a dire elephant
 23817 | D:9      | Found a staircase to the Orcish Mines.
 24215 | D:9      | Identified a scroll of acquirement
 24246 | D:9      | Acquired a +2 glaive of flaming
 24384 | D:9      | Found an iron altar of Okawaru.
 24722 | Orc:1    | Entered Level 1 of the Orcish Mines
 25212 | Orc:2    | Entered Level 2 of the Orcish Mines
 25212 | Orc:2    | Found Dataopuf's Assorted Antiques.
 25622 | Orc:2    | Found a staircase to the Elven Halls.
 25674 | Orc:1    | Found Ezuwufuk's Book Emporium.
 25915 | Orc:2    | Reached skill level 15 in Dodging
 26619 | Orc:2    | Bought a scroll labelled HAG KEQAWI for 29 gold pieces
 26619 | Orc:2    | Bought a scroll labelled DARAUL ORICVI for 29 gold pieces
 26680 | Orc:2    | Reached XP level 13. HP: 104/107 MP: 16/16
 26788 | Orc:2    | Found Searphiant's Magic Scroll Shop.
 26788 | Orc:2    | Found Egujoe Bipee's General Store.
 26789 | Orc:2    | Found Tejeoru's Assorted Antiques.
 26789 | Orc:2    | Found Sauguej's Weapon Boutique.
 26796 | Orc:2    | Bought a scroll of enchant armour for 112 gold pieces
 26796 | Orc:2    | Bought a scroll of blinking for 112 gold pieces
 26802 | Orc:2    | Bought a scroll labelled HAG KEQAWI for 36 gold pieces
 26802 | Orc:2    | Bought a scroll labelled AGRYVISTRU for 36 gold pieces
 26810 | Orc:2    | Bought a scroll of enchant weapon for 112 gold pieces
 27221 | Shoals:1 | Entered Level 1 of the Shoals
 27557 | Shoals:1 | Identified the +0 robe of Gravitas {Harm +Inv rCorr}
 28191 | Shoals:1 | Learned a level 2 spell: Blink
 28196 | Shoals:1 | Noticed Kirke
 28240 | Shoals:1 | Noticed a sphinx
 28491 | Shoals:1 | Noticed a kraken
 28505 | Shoals:1 | Killed a kraken
 28699 | Shoals:1 | Reached skill level 1 in Translocations
 28740 | Shoals:1 | Killed Kirke
 29767 | Shoals:2 | Reached skill level 16 in Dodging
 30067 | Shoals:2 | Noticed Polyphemus
 30096 | Shoals:2 | Killed Polyphemus
 30366 | Shoals:2 | Learned a level 2 spell: Wereblood
 30408 | Shoals:2 | Noticed Ilsuiw
 30474 | Shoals:2 | Killed Ilsuiw
 30475 | Shoals:2 | Reached XP level 14. HP: 77/96 MP: 11/19
 30539 | Shoals:2 | Reached skill level 1 in Transmutations
 30909 | Shoals:3 | Found Wusyuv's Distillery.
 30986 | Shoals:3 | Reached skill level 1 in Shields
 31437 | Shoals:3 | Noticed Jorgrun
 31770 | Shoals:3 | Killed Jorgrun
 32008 | Shoals:3 | Bought a potion of heal wounds for 70 gold pieces
 32008 | Shoals:3 | Bought a potion of heal wounds for 70 gold pieces
 32008 | Shoals:3 | Bought a potion of heal wounds for 70 gold pieces
 32008 | Shoals:3 | Bought a potion of curing for 42 gold pieces
 32008 | Shoals:3 | Bought a potion of curing for 42 gold pieces
 33157 | Shoals:3 | Identified Roxanne's Volume of Shape Shifting
 33157 | Shoals:3 | Noticed Roxanne
 33369 | Shoals:4 | Entered Level 4 of the Shoals
 33970 | Shoals:4 | Reached skill level 5 in Spellcasting
 34518 | Shoals:4 | Reached skill level 5 in Transmutations
 34544 | Shoals:4 | Noticed a sphinx
 34569 | Shoals:4 | Killed a sphinx
 34784 | Shoals:4 | Noticed Aizul
 34837 | Shoals:4 | Killed Aizul
 34988 | Shoals:4 | Reached XP level 15. HP: 99/101 MP: 22/22
 35258 | Shoals:4 | Reached skill level 17 in Dodging
 35549 | Shoals:4 | Got a barnacled rune of Zot
 35554 | Shoals:4 | Identified the +11 mace of Patience {flame, Int+2}
 35566 | Shoals:4 | Reached skill level 5 in Translocations
 37462 | Lair:1   | Killed Zusoliwk's ghost
 37463 | Lair:1   | Reached skill level 15 in Fighting
 37921 | Lair:4   | Learned a level 1 spell: Apportation
 38223 | Lair:6   | Found a burning altar of Makhleb.
 38229 | Lair:6   | Found a gateway to Hell.
 38491 | D:10     | Entered Level 10 of the Dungeon
 39711 | D:11     | Noticed Fannar
 39756 | D:11     | Reached skill level 18 in Dodging
 39788 | D:11     | Killed Fannar
 39796 | D:11     | Noticed Urug
 39911 | D:11     | Killed Urug
 40318 | D:11     | Identified the +2 war axe of Iseirul {elec, Fly Will+
                  | Dex+4}
 40557 | D:11     | Noticed Harold
 40580 | D:11     | Killed Harold
 40890 | D:12     | Found a flickering gateway to a bazaar.
 40905 | D:12     | Noticed Frances
 40908 | Bazaar   | Entered a bazaar
 40921 | Bazaar   | Found Cuter's Antique Weapon Emporium.
 40932 | Bazaar   | Found Voseopa's Antique Weapon Shoppe.
 40947 | Bazaar   | Found Tuissall's Antique Armour Shoppe.
 40959 | Bazaar   | Found Jiobua's Antique Armour Emporium.
 40982 | Bazaar   | Bought a pair of spiked boots for 247 gold pieces
 40982 | Bazaar   | Identified the +2 pair of boots "Fivvipal" {+Inv Int+4
                  | Slay-2} (You bought it in a shop in a bazaar)
 40984 | Bazaar   | Bought a smoking leather armour for 182 gold pieces
 40984 | Bazaar   | Identified the +1 leather armour "Zewail" {*Slow rPois
                  | Regen+ Str+8} (You bought it in a shop in a bazaar)
 40999 | Bazaar   | Bought a translucent glaive for 253 gold pieces
 40999 | Bazaar   | Identified the +11 glaive of Contention {drain, rPois Will+
                  | SInv} (You bought it in a shop in a bazaar)
 41081 | D:12     | Killed Frances
 41455 | D:12     | Found a blossoming altar of Fedhas.
 42943 | D:13     | Reached skill level 1 in Stealth
 42952 | D:13     | Reached skill level 19 in Dodging
 43218 | D:14     | Noticed Rupert
 43290 | D:14     | Killed Rupert
 43291 | D:14     | Reached XP level 16. HP: 102/125 MP: 14/23
 43773 | D:14     | Found a gate to the Vaults.
 44055 | D:15     | Entered Level 15 of the Dungeon
 44869 | D:15     | Found a staircase to the Depths.
 45267 | Spider:1 | Entered Level 1 of the Spider Nest
 47037 | Spider:2 | Reached skill level 20 in Dodging
 47037 | Spider:2 | Reached skill level 5 in Stealth
 47267 | Spider:3 | Noticed Arachne
 47302 | Spider:3 | Killed Arachne
 47949 | Spider:4 | Entered Level 4 of the Spider Nest
 48396 | Spider:4 | Reached XP level 17. HP: 140/145 MP: 22/24
 49331 | Spider:4 | Reached skill level 10 in Transmutations
 49369 | Spider:4 | Reached skill level 21 in Dodging
 49653 | Spider:4 | Got a gossamer rune of Zot
 49767 | Spider:4 | Learned a level 5 spell: Irradiate
 50177 | Vaults:1 | Entered Level 1 of the Vaults
 50584 | Vaults:1 | Reached skill level 1 in Conjurations
 50865 | Vaults:1 | Identified the ring of Vymugar {Fire Dex+3}
 52959 | Vaults:1 | Reached XP level 18. HP: 143/152 MP: 25/25
 53431 | Vaults:1 | Reached skill level 22 in Dodging
 55719 | Vaults:2 | Reached skill level 5 in Conjurations
 57308 | Vaults:3 | Reached XP level 19. HP: 143/146 MP: 27/27
 57426 | Vaults:3 | Found a staircase to the Crypt.
 58593 | Vaults:3 | Found Wallaaxa's Antique Armour Shop.
 59076 | Vaults:3 | Bought a shiny helmet for 307 gold pieces
 60126 | Vaults:4 | Found a flickering gateway to a bazaar.
 60145 | Bazaar   | Entered a bazaar
 60153 | Bazaar   | Found Fikhiuxe's Magic Scroll Shop.
 60153 | Bazaar   | Found Lorur's Jewellery Boutique.
 60175 | Bazaar   | Bought the ring "Fuheudgh" {Fly rPois Will+ Int+10 Stlth-}
                  | for 752 gold pieces
 60183 | Bazaar   | Bought a scroll of magic mapping for 31 gold pieces
 60183 | Bazaar   | Bought a scroll of blinking for 67 gold pieces
 60183 | Bazaar   | Bought a scroll of enchant armour for 67 gold pieces
 60183 | Bazaar   | Bought a scroll of enchant armour for 67 gold pieces
 60187 | Bazaar   | Bought a scroll of fog for 18 gold pieces
 60187 | Bazaar   | Bought a scroll of teleportation for 27 gold pieces
 60187 | Bazaar   | Bought a scroll of brand weapon for 180 gold pieces
 60189 | Bazaar   | Bought a ring of protection from fire for 325 gold pieces
 61512 | Vaults:4 | Found Firphaseo's Distillery.
 61522 | Vaults:4 | Reached skill level 23 in Dodging
 61548 | Vaults:4 | Bought a potion of heal wounds for 110 gold pieces
 62862 | Elf:1    | Entered Level 1 of the Elven Halls
 62911 | Elf:1    | Paralysed by an air elemental for 1 turns
 64809 | Elf:2    | Reached XP level 20. HP: 157/157 MP: 31/31
 65440 | Elf:2    | Found a huge runed translucent gate.
 65440 | Elf:2    | Found a huge runed translucent gate.
 65440 | Elf:2    | Found a huge runed translucent gate.
 65440 | Elf:2    | Found a huge runed translucent gate.
 65441 | Elf:2    | Found a huge runed translucent gate.
 65519 | Elf:3    | Entered Level 3 of the Elven Halls
 66706 | Elf:3    | Reached skill level 15 in Transmutations
 68921 | Elf:3    | Identified the +7 flail "Killer Klown's Regret" {flame,
                  | rC++}
 69009 | Elf:3    | Identified the amulet of Niukh {Spirit rN+}
 69302 | Elf:3    | Found the +7 Kryia's mail coat {PotionHeal*2 rC+}
 69306 | Elf:3    | Got Sif Muna's Disquisition on Nocuous Ignition
 69315 | Elf:3    | Got the Catalogue of Hexes
 69317 | Elf:3    | Got Ijonynt's Reference Book on Transmigration and Flames
 69325 | Elf:3    | Identified the +1 spear of Mayhem {pain, Drain rPois Will+}
 69332 | Elf:3    | Got the Tome of Flight and the Blaze
 69333 | Elf:3    | Identified the +2 spear "Harchip" {vorpal, rF+ rC+ rN+
                  | Will-}
 69336 | Elf:3    | Identified the +9 shortbow of Untimely Demise {venom, rF+
                  | rCorr}
 69757 | Hell     | Entered the Vestibule of Hell
 69757 | Hell     | Noticed Geryon
 69810 | Hell     | Killed Geryon
 70424 | Hell     | Reached XP level 21. HP: 107/152 MP: 10/34
 72447 | Hell     | Found a gateway to the decaying netherworld of Tartarus.
 72522 | Hell     | Reached skill level 10 in Spellcasting
 72522 | Hell     | Found a gateway to the Iron City of Dis.
 72588 | Hell     | Found a gateway to the ashen valley of Gehenna.
 72873 | Hell     | Found a gateway to the freezing wastes of Cocytus.
 73004 | Geh:1    | Entered Level 1 of Gehenna
 73004 | Geh:1    | Found a gateway to Hell.
 73485 | Depths:1 | Entered Level 1 of the Depths
 73491 | Depths:1 | Found a runed translucent door.
 73518 | Depths:1 | Found Jitte Angis's Magic Scroll Shoppe.
 73518 | Depths:1 | Found Doefeubux's Antique Armour Emporium.
 73519 | Depths:1 | Found Jiadud Sot's Armour Emporium.
 73521 | Depths:1 | Found Naloroc's General Store.
 73536 | Depths:1 | Bought a +2 pair of boots of stealth for 408 gold pieces
 73563 | Depths:1 | Bought a pair of runed boots for 262 gold pieces
 73566 | Depths:1 | Bought a runed cloak for 262 gold pieces
 73572 | Depths:1 | Bought a scroll of holy word for 75 gold pieces
 73575 | Depths:1 | Bought a scroll of magic mapping for 77 gold pieces
 73575 | Depths:1 | Bought a scroll of magic mapping for 77 gold pieces
 73604 | Depths:1 | Noticed Turgon's ghost (journeyman TrHu)
 73990 | Depths:1 | Found a stormy altar of Qazlal.
 74198 | Depths:1 | Found Codwamum's Blood Bar.
 74491 | Depths:1 | Killed Turgon's ghost
 75851 | Depths:2 | Found a one-way gate to the infinite horrors of the Abyss.
 75917 | Depths:2 | Found a one-way gate leading to the halls of Pandemonium.
 76036 | Depths:2 | Noticed Asterion
 76046 | Depths:2 | Killed Asterion
 76677 | Depths:2 | Found a runed translucent door.
 76677 | Depths:2 | Noticed a caustic shrike
 76678 | Depths:2 | Found a runed translucent door.
 76679 | Depths:2 | Found a runed translucent door.
 77251 | Depths:2 | Killed a caustic shrike
 77252 | Depths:2 | Reached XP level 22. HP: 144/168 MP: 27/36
 77590 | Depths:2 | You are sucked into a shaft and drop 1 floor!
 77840 | Depths:3 | Found a gateway to a ziggurat.
 78351 | Depths:3 | Slain by a caustic shrike simulacrum

Illustrated notes

Levels and vault maps discovered:
D:1:      minmay_arrival_checkered_box, layout_rooms
D:2:      layout_basic, hellmonk_ecumenical_altar_blasted, minmay_heptomino_d4
D:3:      gammafunk_steamed_eel, layout_basic
D:4:      layout_gridville, lightli_temple_of_fire, serial_shops, shop
D:5:      layout_cave_pools
D:6:      layout_loops_ring, mainiacjoe_overflow_small_starburst,
          minmay_temple_entry_butterflies, feat_on_display, uniq_pikel,
          uniq_sigmund, uniq_blork_the_orc
D:7:      layout_loops_cross, nicolae_overflow_hidden_temple, enter_bailey_2,
          uniq_duvessa
D:8:      layout_basic, lair_entry_dummy
D:9:      layout_basic, okawaru_trees_2, hiddenorc2_lemuel
D:10:     layout_cave_pods, special_room [special_room_orc]
D:11:     minmay_spotlight, layout_loops_cross, hangedman_parallel_progression,
          uniq_harold, uniq_urug, uniq_fannar
D:12:     layout_loops_cross, serial_shops, bzr_entry_islet,
          fedhas_ov_isle_minmay, uniq_frances
D:13:     layout_roguey
D:14:     layout_small_grid, david_vaults_2, columned_hall_lemuel, uniq_rupert
D:15:     grunt_enter_depths_hoard, layout_long_grid, amethyst_killhole
Temple:   minmay_crystal_spiral_temple
Lair:1:   layout_gridlike, gammafunk_ghost_wrathful_warriors,
          minmay_lair_oklob_chamber, infiniplex_staircase_pool_2,
          uniq_prince_ribbit2
Lair:2:   layout_cave_pods, worms_lemuel, infiniplex_staircase_pool
Lair:3:   layout_regular_city, elwin_shoals_entry_stream
Lair:4:   layout_cave_pods, spider_nest_entry_webs, pond
Lair:5:   layout_hall_layers, slime_altar_1
Lair:6:   evil_forest, layout_cave_shapes, minmay_lindwurm_lava,
          serial_bayou_shore_a
Shoals:1: layout_shoals, uniq_kirke
Shoals:2: layout_shoals, nicolae_shoals_nymph_descending_staircase,
          uniq_polyphemus, uniq_ilsuiw
Shoals:3: layout_shoals, serial_shops, shop, nicolae_shoals_goliath_grotto,
          uniq_roxanne, uniq_jorgrun
Shoals:4: shoals_end_hellmonk_lost_city, uniq_aizul
Spider:1: layout_spider_delve, einodemon_crawler_minivault,
          hangedman_spider_tarantella_strand
Spider:2: layout_spider_delve
Spider:3: layout_spider_delve, uniq_arachne
Spider:4: grunt_spider_rune_circles
Orc:1:    layout_caves, serial_shops, nicolae_diamond_shop, bh_open_orc_temple
Orc:2:    st_orc_ogre_mass, layout_caves, serial_shops, shop
Elf:1:    layout_gridlike, minmay_elf_sorcery, nicolae_elf_stone_circles,
          nicolae_elf_deep_friendship
Elf:2:    elven_hall_of_blades_hangedman_alternative
          [nooodl_blade_entry_preview], layout_geoelf_diagonals, uniq_louise
Elf:3:    elf_hall, layout_gridlike
Vaults:1: grunt_vaults_funneled_arena, v_misc_12, v_misc_10, vaults_dpeg_spiral,
          vaults_mumra_hex, vaults_room_hallway, nicolae_vaults_back_hallway,
          v_rooms_4, nicolae_vaults_little_squares_3, hangedman_vaults_capsules,
          hangedman_vaults_cutoff, layout_vaults_omnibox
Vaults:2: nicolae_vaults_mini_display_case, hangedman_vaults_unwind,
          nicolae_vaults_what_the_h, grunt_vaults_focal, v_pattern_5, v_misc_3,
          nicolae_vaults_theta, nicolae_vaults_shelves_hall,
          vaults_room_door_ring, v_misc_16, vaults_dpeg_encased_lava,
          vaults_dpeg_ring, layout_vaults_omnicross, serial_glass
Vaults:3: nicolae_vaults_hallways_thing, nicolae_vaults_triangles,
          blue_anna_dwarven_crypt, nicolae_vaults_shelves_hall,
          grunt_vaults_hallway_short, ontoclasm_vaults_loading_screen,
          dpeg_vaults_monster_box, nicolae_vaults_murderbox,
          layout_vaults_quadrants, serial_shops, shop
Vaults:4: nicolae_vaults_shelves_hall, ontoclasm_vaults_bender,
          nicolae_vaults_network_periphery, nicolae_vaults_specimen_jars,
          layout_vaults_big_room, serial_shops, bzr_entry_water, shop_coins
Depths:1: layout_cave_shapes, lightli_too_deep,
          nicolae_qazlal_general_emergency, muffindrake_ghost_dead_mans_drink,
          guppyfry_shop_blood, minmay_shoptagon
Depths:2: minmay_the_grid_triangle_9x9_rhombus_full
          [minmay_the_grid_triangle_9x9_from_above,
          minmay_the_grid_triangle_9x9_zippers_vertical,
          minmay_the_grid_triangle_9x9_windchime,
          minmay_the_grid_triangle_9x9_skeleton,
          minmay_the_grid_triangle_9x9_fully_insulated_deathbox,
          minmay_the_grid_triangle_9x9_swiss_cheese,
          minmay_the_grid_triangle_9x9_checkered,
          minmay_the_grid_triangle_9x9_prize_top_heavy], layout_cave_shapes,
          abyss_entry_crystal, hell_entry, rand_demon_pan_entry_8,
          serial_bayou_pond_d, infiniplex_staircase_zigzag_4, uniq_asterion
Depths:3: lemuel_river_lethe, abyss_entry, hell_entry, pan_entry
Hell
Geh:1:    layout_gehenna_pools_basic

Skill      XL: |  1  2  3  4  5  6  7  8  9 10 11 12 13 14 15 16 17 18 19 20 21 22 |
---------------+-------------------------------------------------------------------+-----
Polearms       | 5 6 7 8 9 10 14 15 16 17 18 19 20 | 20.0
Fighting       | 3 4 5 9 10 11 13 14 15 16 17 18 19 20 | 20.6
Dodging        | 5 6 7 10 12 14 15 16 19 20 21 22 23 | 23.3
Throwing       | 3 7 8 10 11 12 13 14 | 14.9
Spellcasting   | 2 3 5 7 9 10 | 10.0
Translocations | 2 4 5 |  5.0
Transmutations | 5 6 9 11 13 14 16 17 18 | 18.4
Shields        | 4 |  4.0
Stealth        | 1 5 |  5.0
Conjurations   | 3 5 |  5.0

Action                   |  1- 3 |  4- 6 |  7- 9 | 10-12 | 13-15 | 16-18 | 19-21 | 22-24 || total
-------------------------+-------+-------+-------+-------+-------+-------+-------+-------++-------
Melee: Trident           |   103 |   250 |   285 |    20 |   805 |       |       |       ||  1463
       Halberd           |       |       |   220 |   669 |       |       |       |       ||   889
       Spear             |       |       |    12 |   322 |       |       |       |       ||   334
       Staff             |       |       |       |    15 |       |       |       |       ||    15
       Glaive            |       |       |       |   248 |   362 |  1290 |  1246 |   150 ||  3296
       Tailslap          |       |       |       |       |       |     8 |       |       ||     8
 Fire: Hunting sling     |       |    21 |    23 |    15 |     1 |       |       |       ||    60
Throw: Stone             |     2 |    13 |       |       |       |       |       |       ||    15
       Throwing net      |     2 |     1 |       |     1 |       |     1 |       |       ||     5
       Dart              |       |     9 |    47 |    19 |     9 |   142 |    80 |       ||   306
       Boomerang         |       |       |    21 |   170 |   327 |   137 |    69 |    13 ||   737
       Javelin           |       |       |       |       |     7 |    12 |    63 |       ||    82
 Cast: Pain              |       |     1 |    16 |     5 |       |       |     1 |       ||    23
       Wereblood         |       |       |       |       |     5 |    28 |     7 |       ||    40
       Blink             |       |       |       |       |     2 |     3 |     1 |       ||     6
       Apportation       |       |       |       |       |     1 |       |     1 |       ||     2
       Irradiate         |       |       |       |       |       |       |    46 |     1 ||    47
Invok: Sacrifice Artific |     1 |       |       |       |       |       |       |       ||     1
       Draw Out Power    |       |     1 |       |       |       |       |       |     1 ||     2
       Sacrifice Durabil |       |     1 |       |       |       |       |       |       ||     1
       Sacrifice Experie |       |       |     1 |       |       |       |       |       ||     1
       Apocalypse        |       |       |     4 |    16 |    25 |     9 |    15 |     1 ||    70
       Power Leap        |       |       |     2 |       |       |     1 |       |       ||     3
       Sacrifice Skill   |       |       |     1 |       |       |       |       |       ||     1
  Use: Scroll            |       |     7 |     6 |     6 |     8 |     3 |     2 |     3 ||    35
       Potion            |       |     2 |     5 |       |     6 |     3 |       |     3 ||    19
 Stab: Sleeping          |     1 |     2 |       |       |     6 |     5 |    28 |     3 ||    45
       Distracted        |       |     1 |     2 |     7 |     6 |     6 |    10 |     1 ||    33
       Paralysed         |       |       |    14 |    29 |    12 |     8 |    24 |     5 ||    92
       Invisible         |       |       |       |     1 |     3 |     9 |    10 |       ||    23
       Petrified         |       |       |       |       |     4 |       |       |       ||     4
       Petrifying        |       |       |       |       |     2 |       |       |       ||     2
       Held in net/web   |       |       |       |       |       |     2 |       |       ||     2
Armor: Leather armour    |    10 |    15 |    23 |     2 |       |       |       |       ||    50
       Robe              |       |       |    33 |   171 |    99 |   205 |   116 |    22 ||   646
       Skin              |       |       |    14 |       |       |       |       |       ||    14
Dodge: Dodged            |    33 |    88 |   200 |   709 |   513 |   941 |   800 |    97 ||  3381
Block: Other             |       |    18 |    67 |   182 |    50 |   161 |   147 |    21 ||   646
       Reflection        |       |       |     7 |     5 |    48 |     5 |    19 |     4 ||    88
       Buckler           |       |       |       |       |   258 |       |       |       ||   258
